 Dungeon Crawl Stone Soup version 0.27-a0-1188-g73eefd5def (webtiles) character file.

Game seed: 12991353894778306116

102 HoaS the Ruffian (level 4, -1/36 HPs)
             Began as a Ghoul Gladiator on May 21, 2021.
             Was an Initiate of Wu Jian.
             Slain by a gnoll shaman
             ... wielding a +0 club
              (11 damage)
             ... on level 4 of the Dungeon.
             The game lasted 00:05:25 (1715 turns).

HoaS the Ruffian (Ghoul Gladiator)                  Turns: 1715, Time: 00:05:26

Health: -1/36      AC:  7    Str: 18    XL:     4   Next: 78%
Magic:  3/3        EV: 11    Int:  9    God:    Wu Jian [......]
Gold:   116        SH:  0    Dex: 10    Spells: 3/3 levels left

rFire    . . .     SeeInvis .     - Unarmed
rCold    + . .     Faith    .   (no shield)
rNeg     + + +     Spirit   .   i - +0 ring mail
rPois    ∞         Reflect  .   b - +0 helmet
rElec    .         Harm     .   (no cloak)
rCorr    +         Rampage  .   h - +0 pair of gloves
Will     .....                  (no boots)
Stlth    ..........             (no amulet)
HPRegen  0.00/turn              e - +6 ring of intelligence
MPRegen  0.08/turn              j - ring of resist corrosion

@: no status effects
A: claws 1, cold resistance 1, negative energy resistance 3, inhibited
regeneration, torment resistance 2
a: Renounce Religion


You were on level 4 of the Dungeon.
You worshipped Wu Jian.
Wu Jian was noncommittal.
You visited 1 branch of the dungeon, and saw 4 of its levels.

You collected 116 gold pieces.

Inventory:

Missiles
 c - 3 throwing nets (quivered)
 g - 16 poisoned darts
Armour
 b - a +0 helmet (worn)
 h - a +0 pair of gloves (worn)
 i - a +0 ring mail (worn)
Jewellery
 e - a +6 ring of intelligence (left hand)
 j - a ring of resist corrosion (right hand)
Wands
 k - a wand of iceblast (11)
Scrolls
 a - a scroll of immolation
 f - 2 scrolls of fog
Potions
 d - 2 potions of flight
 l - 2 potions of heal wounds


   Skills:
 - Level 2.1 Fighting
 - Level 1.7 Throwing
 - Level 2.6 Dodging
 + Level 5.9 Unarmed Combat


You had 3 spell levels left.
You didn't know any spells.
Your spell library was empty.

Dungeon Overview and Level Annotations

Branches:
Dungeon (4/15)
 Temple: D:4-7

Altars:
Wu Jian


Innate Abilities, Weirdness & Mutations

You thrive by killing the living.
You are immune to poison.
You have sharp fingernails.
Your flesh is cold resistant. (rC+)
You are immune to negative energy. (rN+++)
You do not regenerate when monsters are visible.
You are immune to unholy pain and torment.


Message History

You open the door.
There is an open door here.
A gnoll shaman comes into view. It is wielding a +0 club.
The gnoll shaman shouts!
You hear an angry hiss. x2
An adder comes into view.
A kobold comes into view. It is wielding a +0 short sword.
The kobold shouts!
The adder hisses angrily.
You hit the gnoll shaman.
The gnoll shaman is moderately wounded.
The gnoll shaman hits you with a +0 club!
You completely miss the gnoll shaman.
The gnoll shaman is moderately wounded.
You hit the gnoll shaman but do no damage.
The gnoll shaman is moderately wounded.
The gnoll shaman hits you with a +0 club.
An adder comes into view.
A hound skeleton comes into view.
The adder hisses angrily.
You hit the gnoll shaman.
The gnoll shaman is heavily wounded.
The gnoll shaman completely misses you. The adder closely misses you.
You barely miss the gnoll shaman.
The gnoll shaman is heavily wounded.
The adder bites you. The gnoll shaman closely misses you.
You hit the gnoll shaman but do no damage.
The gnoll shaman is heavily wounded.
A jackal comes into view.
The kobold hits you with a +0 short sword.
The gnoll shaman hits you with a +0 club.
The jackal barks!
You hit the gnoll shaman.
The gnoll shaman is severely wounded.
The adder bites you but does no damage.
The kobold hits you with a +0 short sword.
The gnoll shaman hits you but does no damage.
The adder barely misses you. The adder bites you but does no damage.
You closely miss the gnoll shaman.
The gnoll shaman is severely wounded.
The kobold hits you but does no damage. The adder barely misses you.
The gnoll shaman hits you with a +0 club!
You die...

#....#..#....######...
#....#..#............
#....#..#..........#
#....#..+..........#
#....#..#..........#
#......##..........#
#######....####..$.#
#....# #....# #....#
#.@S.# #....# #KgS.#
##+### #..Zh.#
.......+ #####...#
.#... # #... ....


You could see a gnoll shaman, 2 adders, a jackal, a kobold and a hound skeleton.

Vanquished Creatures
  5 adders
  4 orcs (D:3)
  5 endoplasms
  3 giant cockroaches
  8 goblins
  4 hobgoblins
  3 jackals (D:3)
  A quokka (D:1)
  4 ball pythons
  3 bats
  7 kobolds
  3 rats
50 creatures vanquished.

Notes
Turn   | Place    | Note
-------+----------+-------------------------------------------
     0 | D:1      | HoaS the Ghoul Gladiator began the quest for the Orb.
     0 | D:1      | Reached XP level 1. HP: 17/17 MP: 0/0
    98 | D:1      | Reached XP level 2. HP: 18/24 MP: 1/1
   196 | D:1      | Reached skill level 4 in Unarmed Combat
   519 | D:2      | Reached XP level 3. HP: 29/29 MP: 2/2
   583 | D:2      | Reached skill level 5 in Unarmed Combat
   601 | D:2      | You fall into a shaft and drop 1 floor!
   673 | D:3      | Found a faded altar of an unknown god.
   748 | D:3      | Reached XP level 4. HP: 31/36 MP: 3/3
  1612 | D:4      | Found an ornate altar of the Wu Jian Council.
  1647 | D:4      | Became a worshipper of the Wu Jian Council
  1715 | D:4      | Slain by a gnoll shaman

Illustrated notes

Levels and vault maps discovered:
D:1:      dpeg_arrival_simpleton_c, layout_rooms
D:2:      layout_rooms, basic_altar, uniq_crazy_yiuf_cottage
D:3:      layout_loops_corners, hellmonk_ecumenical_altar_zigzags,
          chequers_big_river, minivault_14
D:4:      layout_gridville, amcnicky_altar_gilded, lemuel_round_altar,
          minmay_circle_x

Skill      XL: |  1  2  3 |
---------------+----------+-----
Unarmed Combat | 4 5 |  5.9
Fighting       | |  2.1
Throwing       | |  1.7
Dodging        | |  2.6

Action                   |  1- 3 |  4- 6 || total
-------------------------+-------+-------++-------
Melee: Unarmed           |    94 |    75 ||   169
       Punch             |     2 |     1 ||     3
  Use: Scroll            |     5 |     4 ||     9
Armor: Leather armour    |     7 |       ||     7
       Ring mail         |    21 |    17 ||    38
Dodge: Dodged            |    52 |    41 ||    93

Table legend: (Time is in decaauts)
 A = Elapsed time spent in this place.
 B = Non-inter-level travel time spent in this place.
 C = Inter-level travel time spent in this place.
 D = Time resting spent in this place.
 E = Time spent auto-exploring this place.
 F = Levels seen in this place.
 G = Mean time per level.
                   A        B        C        D        E       F      G
               +--------+--------+--------+--------+--------+-----+--------+
         Total |   1708 |   1653 |     55 |     68 |   1202 |   4 |  427.0 |
       Dungeon |   1708 |   1653 |     55 |     68 |   1202 |   4 |  427.0 |
               +--------+--------+--------+--------+--------+-----+--------+

Top non-repeatable levels by time:
     D:3: 996 daAuts
     D:1: 505 daAuts
     D:4: 117 daAuts
     D:2: 88 daAuts
